AoeStats
← ainea_zothana

Four Lakes

509666669Analyzed
1v1 RM · 5d ago on Sep 27, 2026· 19m 21s· 2 players
Game mode
Random Map
Map size
Tiny (2 player)
Population
200
Speed
Normal
Resources
Standard
Victory
Conquest
Starting age
Dark Age
Ending age
Imperial Age
RankedLock teamsTeams togetherTeam positionsShared explorationLock speedFull tech treeHidden civsTurbo modeCheats
Victory
Defeat
🇦🇷 Italians · Argentina
1063
+16
🇮🇳 Tupi · India
1053
-16
ainea_zothana
8:16 Loom
10:30 Feudal Age
16:31 Castle Age
14:23 Double-Bit Axe
15:30 Gold Mining
15:54 Fletching
18:05 Bow Saw
18:23 Bodkin Arrow
Marpol
8:13 Loom
10:52 Feudal Age
13:10 Fishing Lines
13:56 Town Watch
14:32 Double-Bit Axe
17:20 Bloodlines
Connection lost

Rejoining the realm…

Still unreachable

The connection could not be restored.

Session expired

The server has moved on; the page needs a fresh start.